 Dungeon Crawl Stone Soup version 0.30-a0-919-g9323dee000 (webtiles) character file.

Game seed: 6824200152089098707

15568 Lavandula the Carver (level 12, -5/74 HPs)
             Began as a Demonspawn Fire Elementalist on Mar 21, 2023.
             Was a Believer of Dithmenos.
             Slain by a skyshark (8 damage)
             ... on level 1 of the Lair of Beasts.
             The game lasted 00:31:20 (14122 turns).

Lavandula the Carver (DsFE)                        Turns: 14122, Time: 00:31:20

Health: -5/74      AC: 12    Str: 12    XL:     12   Next: 2%
Magic:  4/17       EV: 12    Int: 21    God:    Dithmenos [**....]
Gold:   580        SH:  0    Dex: 20    Spells: 5/15 levels left

rFire   . . .      SeeInvis .    M - +4 falchion (flame)
rCold   + . .      Faith    .    (no shield)
rNeg    + . .      Spirit   .    L - +0 troll leather armour
rPois   .          Reflect  .    c - +2 helmet of Gravity {rElec Str+3 Slay+5}
rElec   +          Rampage  .    H - +0 cloak
rCorr   .                        v - +1 pair of gloves
Will    .....                    O - +0 pair of boots
Stlth   +++++++                  Q - amulet of regeneration
HPRegen 1.92/turn                m - ring of protection from cold
MPRegen 0.15/turn                u - ring of positive energy

@: wreathed by umbra
A: claws 1, thin skeletal structure 3, spiny 1, demonic magic 2
a: Renounce Religion, Shadow Step


You were on level 1 of the Lair of Beasts.
You worshipped Dithmenos.
Dithmenos was pleased with you.
You visited 3 branches of the dungeon, and saw 13 of its levels.
You also visited: Sewer, Ossuary and Bailey.

You collected 580 gold pieces.

Inventory:

Hand Weapons
 r - a +3 falchion of pain
 M - a +4 falchion of flaming (weapon)
Missiles
 f - 2 throwing nets
 G - 3 javelins
 K - 3 curare-tipped darts
Armour
 c - the +2 helmet of Gravity (worn) {rElec Str+3 Slay+5}
   (You found it on level 5 of the Dungeon)

   Str:       It affects your strength (+3).
   Slay:      It affects your accuracy & damage with ranged weapons and melee
   (+5).
   rElec:     It insulates you from electricity.
 d - a +0 buckler
 v - a +1 pair of gloves (worn)
 H - a +0 cloak (worn)
 L - a +0 troll leather armour (worn)
 O - a +0 pair of boots (worn)
Jewellery
 m - a ring of protection from cold (left hand)
 u - a ring of positive energy (right hand)
 Q - an amulet of regeneration (around neck)
Wands
 i - a wand of polymorph (12)
 I - a wand of charming (5)
Scrolls
 j - 2 scrolls of poison
 k - 7 scrolls of teleportation
 o - 4 scrolls of immolation
 p - 2 scrolls of blinking {unknown}
 q - a scroll of acquirement {unknown}
 s - 4 scrolls of noise {unknown}
 w - a scroll of brand weapon {unknown}
 y - a scroll of vulnerability {unknown}
 F - 3 scrolls of fear {unknown}
 J - a scroll of magic mapping
 P - 2 scrolls of amnesia {unknown}
Potions
 b - 4 potions of magic
 e - 2 potions of attraction
 g - a potion of ambrosia {unknown}
 h - 3 potions of resistance
 l - a potion of heal wounds
 n - 2 potions of haste {unknown}
 t - 12 potions of curing
 x - 3 potions of brilliance
 z - 4 potions of might
 A - a potion of experience {unknown}
 B - 2 potions of cancellation
 C - a potion of mutation {unknown}
 D - 3 potions of flight {unknown}
 E - 3 potions of lignification {unknown}
 N - 2 potions of degeneration {unknown}
 T - a potion of berserk rage {unknown}
Miscellaneous
 a - a phantom mirror (inert)


   Skills:
 - Level 13.7 Long Blades
 - Level 4.6 Armour
 - Level 1.7 Dodging
 - Level 1.7 Stealth
 + Level 1.1 Shields
 - Level 2.0 Spellcasting
 - Level 4.5 Conjurations
 - Level 7.6 Fire Magic
 - Level 7.0 Invocations
 - Level 4.5 Evocations


You had 5 spell levels left.
You knew the following spells:

 Your Spells              Type           Power      Damage    Failure   Level
a - Foxfire               Conj/Fire      100%       2x1d9     1%          1
b - Scorch                Fire           68%        2d8       1%          2
c - Flame Wave            Conj/Fire      27%        2d9       16%         4
d - Inner Flame           Hex/Fire       18%        N/A       12%         3

Your spell library contained the following spells:

 Spells                   Type           Power      Damage    Failure   Level
 Apportation              Tloc           4%         N/A       19%         1
 Necrotise                Necr           8%         1d4       19%         1
 Summon Small Mammal      Summ           8%         N/A       19%         1
 Kindle Blastsparks       Fire/Tloc/Air  24%        2d12      21%         3
 Call Canine Familiar     Summ           2%         N/A       50%         3
 Portal Projectile        Hex/Tloc       4%         N/A       50%         3
 Leda's Liquefaction      Hex/Erth       1%         N/A       88%         4


Dungeon Overview and Level Annotations

Branches:
Dungeon (11/15)            Temple (1/1) D:4            Lair (1/5) D:10
    Orc (0/2) D:10          Sewer (visited)         Ossuary (visited)
 Bailey (visited)

Altars:
Ashenzari
Cheibriados
Dithmenos
Fedhas
Gozag
Hepliaklqana
Kikubaaqudgha
Makhleb
Nemelex Xobeh
Okawaru
Qazlal
Ru
Sif Muna
Trog
Uskayaw
Vehumet
Wu Jian
Xom
Yredelemnul

Shops:
D:6 (

Annotations:
D:2 1 runed translucent door, Crazy Yiuf
D:3 2 transporters, Pascal76's ghost, amateur MiFi


Innate Abilities, Weirdness & Mutations

You have sharp fingernails.
You have an unnaturally thin skeletal structure. (Dex +6, Stealth+++)
You are partially covered in sharp spines.
Spells you cast may paralyse nearby enemies.


Message History

The skyshark is struck by your spines. The skyshark barely misses you. x2
The skyshark tail-slaps you but does no damage.
You conjure some foxfire!
Malevolent energies surge around you.
The foxfire hits the skyshark but does no damage.
The skyshark is heavily wounded.
The foxfire hits the skyshark.
The skyshark is burned terribly!
The skyshark is heavily wounded.
The skyshark bites you! The skyshark misses you.
The skyshark closely misses you. The skyshark bites you.
The skyshark tail-slaps you! x2
* * * LOW HITPOINT WARNING * * *
Unknown command.
Okay, then.
You are too injured to fight recklessly!
Unknown command.
Casting: Foxfire (safe; 1% risk of failure)
Confirm with . or Enter, or press ? or * to list all spells.
You conjure some foxfire!
Malevolent energies surge around you.
The skyshark is no longer more vulnerable to fire.
The foxfire hits the skyshark!
The skyshark is heavily wounded.
The foxfire hits the skyshark but does no damage.
The skyshark is heavily wounded.
The skyshark is struck by your spines. The skyshark bites you!
* * * LOW HITPOINT WARNING * * *
The skyshark closely misses you. x2
Unknown command.
Unknown command.
Casting: Foxfire (safe; 1% risk of failure)
Confirm with . or Enter, or press ? or * to list all spells.
You conjure some foxfire!
Malevolent energies surge around you.
The foxfire hits the skyshark.
The skyshark is severely wounded.
The foxfire hits the skyshark.
The skyshark is severely wounded.
The skyshark bites you but does no damage.
The skyshark barely misses you. The skyshark tail-slaps you.
* * * LOW HITPOINT WARNING * * *
The skyshark bites you!
You die...

###.......÷.....................
##.#...#.#.....#...###...#.#.....
#...##..##....########...........
....##...##...#####.....##.......
.....##...#....##.##...##........
.....##....#.....⌠.....##........
.....##..##.##.......###.........
.........##....v§§.#####.........
......#.####....@§.#..#..........
#.....#..# #...l.v#..##†.........
##......#####.....#..##<.........
##.......###....##..#...........
##.........♣♣♣♣##..#...........
♣♣........♣♣♣ ♣...............
♣...........♣ ♣##.###.........
♣♣P..~~~~.l...♣ ♣.###.........
♣♣P..~~~~~~....♣ ♣.#...........


You could see a skyshark (berserk, ally target).

Vanquished Creatures
  2 catoblepae (Lair:1)
  A two-headed ogre (Bailey)
  A centaur warrior (D:10)
  Pikel (D:6)
  A cyclops (D:10)
  2 black mambas (Lair:1)
  2 cane toads (Lair:1)
  A gargoyle (D:10)
  A rime drake (Lair:1)
  A troll (D:10)
  A hornet (D:7)
  5 spriggans (Bailey)
  3 wyverns (D:10)
  A wraith (D:10)
  17 yaks
  2 steam dragons
  A basilisk (D:10)
  An acid dragon (D:9)
  7 water moccasins
  3 orc warriors
  3 ice beasts (D:6)
  A sky beast (D:8)
  4 black bears
  9 ogres
  A wolf (D:10)
  2 centaurs (D:10)
  A lemure (D:6)
  4 phantoms
  3 kobold brigands
  An elf zombie (Ossuary)
  7 bullfrogs
  A gnoll sergeant (D:10)
  A scorpion (D:5)
  9 killer bees
  6 electric eels (D:10)
  3 howler monkeys
  3 hounds
  2 centaur zombies (Ossuary)
  2 jellies (D:5)
  5 orc priests
  A gnoll bouda (D:5)
  2 human zombies (Ossuary)
  7 iguanas
  Natasha (twice) (D:3)
  9 orc wizards
  2 mummies (Ossuary)
  14 gnolls
  12 adders
  7 river rats
  2 white imps
  2 adder zombies (Ossuary)
  A worm (D:4)
  4 dart slugs
  26 orcs
  5 endoplasms
  A giant cockroach (D:1)
  14 goblins
  6 hobgoblins
  2 jackals (D:4)
  33 kobolds
  7 quokkas
  7 ball pythons
  5 bats
  3 frilled lizards
  12 hobgoblin zombies (Ossuary)
  2 jackal zombies (Ossuary)
  7 kobold zombies (Ossuary)
  8 orc zombies (Ossuary)
  26 rats
  A rat zombie (Ossuary)
352 creatures vanquished.

Vanquished Creatures (collateral kills)
  5 foxfires
5 creatures vanquished.

Vanquished Creatures (others)
  A black bear (D:10)
  883 foxfires
  4 fungi (Lair:1)
  6 plants
  11 toadstools (Lair:1)
905 creatures vanquished.

Grand Total: 1262 creatures vanquished

Notes
Turn   | Place    | Note
-------+----------+-------------------------------------------
     0 | D:1      | Lavandula the Demonspawn Fire Elementalist began the quest
                  | for the Orb.
     0 | D:1      | Reached XP level 1. HP: 13/13 MP: 3/3
   141 | D:1      | Gained mutation: Spells you cast may paralyse adjacent
                  | enemies. [demonic ancestry]
   141 | D:1      | Reached XP level 2. HP: 19/19 MP: 0/5
   524 | D:1      | Gained mutation: You are partially covered in sharp spines.
                  | [demonic ancestry]
   524 | D:1      | Reached XP level 3. HP: 19/24 MP: 0/6
   527 | D:1      | Learned a level 2 spell: Scorch
  1206 | D:2      | Gained mutation: You have a somewhat thin skeletal
                  | structure. (Dex +2, Stealth+) [demonic ancestry]
  1206 | D:2      | Reached XP level 4. HP: 30/30 MP: 5/7
  1330 | D:2      | Found a runed translucent door.
  1331 | D:2      | Noticed Crazy Yiuf
  1521 | D:3      | Found a transporter.
  1529 | D:3      | Found a transporter.
  1632 | D:3      | Noticed Natasha
  1643 | D:3      | Killed Natasha
  1901 | D:3      | Reached skill level 1 in Long Blades
  1942 | D:3      | Reached XP level 5. HP: 35/35 MP: 8/8
  1976 | D:3      | Noticed Natasha
  2076 | D:3      | Killed Natasha
  2178 | D:3      | Noticed Pascal76's ghost (amateur MiFi)
  2446 | D:4      | Noticed a phantom
  2509 | D:4      | Reached skill level 2 in Long Blades
  2573 | D:4      | Noticed a black bear
  2574 | D:4      | Noticed an ogre
  2597 | D:5      | Entered Level 5 of the Dungeon
  2609 | D:5      | Identified the +1 crystal plate armour of Kosetoit {-Cast
                  | Harm rElec Str+5}
  2619 | D:5      | Reached skill level 3 in Long Blades
  2621 | D:5      | Found a sand-covered staircase.
  2680 | D:5      | Identified the +2 helmet of Gravity {rElec Str+3 Slay+5}
  2684 | Ossuary  | Entered an ossuary
  2748 | Ossuary  | Gained mutation: Spells you cast may paralyse nearby
                  | enemies. [demonic ancestry]
  2748 | Ossuary  | Reached XP level 6. HP: 40/41 MP: 9/9
  3018 | D:5      | Gained mutation: You have sharp fingernails. [demonic
                  | ancestry]
  3018 | D:5      | Reached XP level 7. HP: 46/46 MP: 3/10
  3054 | D:5      | Reached skill level 5 in Fire Magic
  3058 | D:5      | Found a glowing drain.
  3062 | Sewer    | Entered a sewer
  4058 | D:5      | Reached XP level 8. HP: 42/52 MP: 1/11
  4359 | D:5      | Learned a level 4 spell: Flame Wave
  4363 | D:5      | Learned a level 3 spell: Inner Flame
  5049 | D:4      | Found a staircase to the Ecumenical Temple.
  5141 | Temple   | Entered the Ecumenical Temple
  5359 | D:4      | Reached skill level 4 in Long Blades
  5594 | D:4      | Reached skill level 5 in Long Blades
  5928 | D:6      | Reached skill level 6 in Long Blades
  6067 | D:6      | Gained mutation: You have a moderately thin skeletal
                  | structure. (Dex +4, Stealth++) [demonic ancestry]
  6067 | D:6      | Reached XP level 9. HP: 57/57 MP: 3/12
  6180 | D:6      | Reached skill level 7 in Long Blades
  6249 | D:6      | Noticed Pikel
  6257 | D:6      | Killed Pikel
  6258 | D:6      | Reached skill level 8 in Long Blades
  6505 | D:6      | Found Puxydd's Weapon Shop.
  7112 | D:6      | Reached skill level 9 in Long Blades
  7831 | D:7      | Found a shimmering blue altar of Sif Muna.
  8321 | D:8      | Reached skill level 10 in Long Blades
  8446 | D:8      | Found a sacrificial altar of Ru.
  8463 | D:8      | Reached XP level 10. HP: 43/63 MP: 1/13
  8486 | D:8      | Found a shadowy altar of Dithmenos.
  8489 | D:8      | Found a blossoming altar of Fedhas.
  8490 | D:8      | Found a hazy altar of Hepliaklqana.
  8500 | D:8      | Became a worshipper of Dithmenos the Shadowed
  8526 | D:8      | Found a flagged portal.
  8535 | Bailey   | Entered a bailey
  8721 | Bailey   | Reached skill level 11 in Long Blades
  8762 | Bailey   | Noticed a two-headed ogre
  8777 | Bailey   | Killed a two-headed ogre
  9522 | D:8      | Reached skill level 12 in Long Blades
 10323 | D:9      | Reached * piety under Dithmenos
 10511 | D:9      | Reached skill level 13 in Long Blades
 10800 | D:9      | Gained mutation: You have an unnaturally thin skeletal
                  | structure. (Dex +6, Stealth+++) [demonic ancestry]
 10800 | D:9      | Reached XP level 11. HP: 50/68 MP: 3/14
 11175 | D:10     | Entered Level 10 of the Dungeon
 11521 | D:10     | Reached skill level 1 in Evocations
 11780 | D:10     | Found a staircase to the Lair.
 12052 | D:10     | Found a staircase to the Orcish Mines.
 12146 | D:10     | Reached ** piety under Dithmenos
 12762 | D:10     | Reached skill level 1 in Invocations
 12799 | D:10     | Noticed a centaur warrior
 12808 | D:10     | Killed a centaur warrior
 13203 | D:11     | Noticed a two-headed ogre
 13229 | Lair:1   | Entered Level 1 of the Lair of Beasts
 13235 | Lair:1   | Noticed a catoblepas
 13239 | Lair:1   | Noticed a catoblepas
 13245 | Lair:1   | Killed a catoblepas
 13246 | Lair:1   | Reached skill level 5 in Invocations
 13254 | Lair:1   | Killed a catoblepas
 13333 | D:10     | Reached skill level 1 in Armour
 13745 | Lair:1   | Noticed a skyshark
 14075 | Lair:1   | Reached XP level 12. HP: 60/74 MP: 17/17
 14109 | Lair:1   | Reached skill level 1 in Shields
 14122 | Lair:1   | HP: 3/74 [skyshark (4)]
 14122 | Lair:1   | Slain by a skyshark

Illustrated notes

Levels and vault maps discovered:
D:1:      wander_arrival_peaceful_grave, layout_rooms
D:2:      cheibrodos_old_hovel, layout_basic, minmay_statues_item,
          uniq_crazy_yiuf_cottage
D:3:      layout_rooms, gammafunk_ghost_stat_death, uniq_natasha
D:4:      layout_basic, minmay_temple_entry_waves
D:5:      layout_loops_ring, gup_sewer_entry_bowl, enter_ossuary_1,
          minmay_ogre_servants
D:6:      layout_layer_cave, serial_shops, shop, grunt_ministairs_6, uniq_pikel
D:7:      layout_basic, mainiacjoe_overflow_small_starburst,
          ebering_dispersal_statue_hall, amethyst_killhole
D:8:      layout_gridville, old_standard_altar, grunt_temple_overflow_open,
          enter_bailey_2, corner_web_ring
D:9:      layout_loops_corners, nrook_uturn
D:10:     cheibrodos_two_vegetables, layout_basic, minmay_lair_entry_grove,
          orc_0_dummy
D:11:     layout_cave_pools, serial_park_tiny_pond
Temple:   nicolae_temple_x_marks_the_god
Lair:1:   gammafunk_lair_enchanted_lake, layout_cave_pods, grunt_megastairs_5

Skill      XL: |  1  2  3  4  5  6  7  8  9 10 11 12 |
---------------+-------------------------------------+-----
Conjurations   | 2 3 4 |  4.5
Long Blades    | 1 3 6 10 13 | 13.7
Fire Magic     | 4 6 7 |  7.6
Evocations     | 4 |  4.5
Invocations    | 7 |  7.0
Armour         | 4 |  4.6
Shields        | 1 |  1.1
Dodging        | |  1.7
Stealth        | |  1.7
Spellcasting   | |  2.0

Action                     |  1- 3 |  4- 6 |  7- 9 | 10-12 || total
---------------------------+-------+-------+-------+-------++-------
  Melee: Unarmed           |     6 |     1 |       |       ||     7
         Falchion          |       |    79 |    85 |   123 ||   287
         Punch             |       |     2 |       |     1 ||     3
   Cast: Foxfire           |    51 |    67 |   197 |   182 ||   497
         Scorch            |       |     3 |    32 |    24 ||    59
         Flame Wave        |       |       |     1 |     9 ||    10
  Evoke: Wand              |       |       |     2 |    12 ||    14
         Phantom mirror    |       |       |       |     1 ||     1
    Use: Scroll            |       |     4 |     3 |     7 ||    14
         Potion            |       |       |       |     8 ||     8
   Stab: Paralysed         |     2 |    13 |    12 |     9 ||    36
         Sleeping          |       |     3 |     9 |     6 ||    18
         Distracted        |       |       |       |     2 ||     2
 Armour: Robe              |       |    27 |    17 |    19 ||    63
         Troll leather arm |       |       |       |    22 ||    22
  Dodge: Dodged            |    10 |    64 |    52 |   102 ||   228

Table legend: (Time is in decaauts)
 A = Elapsed time spent in this place.
 B = Non-inter-level travel time spent in this place.
 C = Inter-level travel time spent in this place.
 D = Time resting spent in this place.
 E = Time spent auto-exploring this place.
 F = Levels seen in this place.
 G = Mean time per level.
                   A        B        C        D        E       F      G
               +--------+--------+--------+--------+--------+-----+--------+
         Total |  14144 |  13618 |    526 |   1733 |   9164 |  16 |  884.0 |
       Dungeon |  11651 |  11133 |    518 |   1353 |   7758 |  11 | 1059.2 |
        Temple |     55 |     48 |      7 |      0 |     44 |   1 |   55.0 |
          Lair |    686 |    686 |      0 |     69 |    473 |   1 |  686.0 |
         Sewer |    811 |    811 |      0 |     23 |    622 |   1 |  811.0 |
       Ossuary |    331 |    331 |      0 |     17 |     64 |   1 |  331.0 |
        Bailey |    608 |    608 |      0 |    271 |    203 |   1 |  608.0 |
               +--------+--------+--------+--------+--------+-----+--------+

Top non-repeatable levels by time:
    D:10: 2108 daAuts
     D:6: 1893 daAuts
     D:9: 1512 daAuts
     D:5: 1293 daAuts
     D:4: 1085 daAuts
   Sewer: 811 daAuts
     D:2: 800 daAuts
     D:8: 795 daAuts
     D:7: 759 daAuts
     D:3: 715 daAuts
  Lair:1: 686 daAuts
     D:1: 671 daAuts
  Bailey: 608 daAuts
 Ossuary: 331 daAuts
  Temple: 55 daAuts
